 Dungeon Crawl Stone Soup version 0.30-a0-808-g6e0788376e (webtiles) character file.

Game seed: 2212581082460236963

216 dolemite99 the Chopper (level 5, 0/41 HPs)
             Began as a Demonspawn Fighter on Feb 27, 2023.
             Asphyxiated
             ... on level 4 of the Dungeon.
             The game lasted 00:03:34 (4378 turns).

dolemite99 the Chopper (Demonspawn Fighter)         Turns: 4378, Time: 00:03:35

Health: 0/41       AC: 10    Str: 18    XL:     5   Next: 61%
Magic:  5/5        EV:  6    Int:  9    God:
Gold:   291        SH:  4    Dex: 13    Spells: 4/4 levels left

rFire   . . .      SeeInvis .    a - +3 war axe (venom)
rCold   . . .      Faith    .    c - +0 buckler
rNeg    . . .      Spirit   .    f - +0 chain mail
rPois   .          Reflect  .    (no helmet)
rElec   .          Harm     .    l - +0 cloak
rCorr   +          Rampage  .    (no gloves)
Will    .....                    (no boots) Stlth
                                 (no amulet)
HPRegen 0.26/turn                z - ring of resist corrosion
MPRegen 0.18/turn                (no ring)

@: lethally poisoned (0 -> -21), attractive, slowed, very slow
A: magic regeneration, demonic magic 1
a: no special abilities


You were on level 4 of the Dungeon.
You visited 1 branch of the dungeon, and saw 5 of its levels.

You collected 291 gold pieces.

Inventory:

Hand Weapons
 a - a +3 war axe of venom (weapon)
 n - a +0 war axe
 r - a +0 dagger of holy wrath
 s - a +2 dagger of electrocution
 t - a +1 short sword of venom
Missiles
 q - 10 poisoned darts (quivered)
Armour
 b - a +0 scale mail
 c - a +0 buckler (worn)
 f - a +0 chain mail (worn)
 l - a +0 cloak (worn)
Jewellery
 z - a ring of resist corrosion (left hand)
Wands
 j - a wand of mindburst (15)
 u - a wand of quicksilver (7)
Scrolls
 g - 2 scrolls of identify {@r1}
 i - a scroll of magic mapping {unknown}
 o - 2 scrolls of blinking
 y - a scroll of amnesia
 A - a scroll of enchant weapon {unknown}
Potions
 d - 2 potions of might
 e - a potion of curing {unknown}
 h - a potion of resistance
 k - a potion of invisibility
 m - a potion of magic {unknown}
 p - 2 potions of attraction
 v - a potion of cancellation {unknown}
 w - a potion of degeneration {unknown}
 x - a potion of lignification {unknown}


   Skills:
 - Level 3.0 Fighting
 + Level 5.4 Axes
 - Level 2.6 Armour
 - Level 2.6 Shields


You had 4 spell levels left.
You didn't know any spells.
Your spell library contained the following spells:

 Spells                   Type           Power      Damage    Failure   Level
 Slow                     Hex            0%         N/A       100%        1
 Confusing Touch          Hex            0%         N/A       100%        3
 Inner Flame              Hex/Fire       0%         N/A       100%        3
 Vampiric Draining        Necr           0%         2d6       100%        3
 Flame Wave               Conj/Fire      0%         2d4       100%        4
 Sticky Flame             Conj/Fire      0%         2d3       100%        4


Dungeon Overview and Level Annotations

Branches:
Dungeon (5/15)
 Temple: D:4-7

Altars:


Innate Abilities, Weirdness & Mutations

You regenerate magic rapidly.
Spells you cast may paralyse adjacent enemies.


Message History

You climb upwards.
You feel very sick.
There is a stone staircase leading down here.
You are too injured to fight recklessly!
You hit the kobold brigand but do no damage.
The kobold brigand is poisoned.
You closely miss the kobold. You slash the kobold!
You kill the kobold!
You feel sick.
The kobold brigand hits you with a +0 whip.
You block the kobold's attack. The kobold brigand barely misses you.
The kobold hits you but does no damage.
You closely miss the kobold. You hit the kobold brigand.
The kobold brigand looks as sick as possible!
You feel sick.
You are no longer poisoned.
You block the kobold brigand's attack. The kobold barely misses you.
The kobold brigand closely misses you. The kobold barely misses you.
You barely miss the kobold brigand.
The kobold brigand is moderately wounded.
You hit the kobold.
You kill the kobold!
The kobold brigand hits you but does no damage. x2
The kobold brigand throws a curare-tipped dart.
The curare-tipped dart hits you.
You are poisoned.
You have difficulty breathing.
* * * LOW HITPOINT WARNING * * *
You feel as though you will be slow longer.
Things that are here:
a +0 dagger; a kobold corpse It was a potion of attraction.
You feel attractive to monsters.
* * * LOW HITPOINT WARNING * * *
You feel very sick.
The kobold brigand throws a curare-tipped dart.
The curare-tipped dart hits you.
You are more poisoned.
You have difficulty breathing.
You die...

^.# #.####.######
#..# .##
#.##...#....###.##
.#
#....###..<.##..#
## #####.####
#....##.## #
#.....# #....#..#
####.###.#
###.##.## .....#
#.## ##K##.#
.....#
#..######)>##.#
.....#
##.##....@##..#
....##
#......#####.##
##.#####..###.#
#.#
##.###.....##.#
#.#
...#...###.####
#.# .....### #.#
#.# .)#....# #.##
#.# .......###..#
#.#
#####....##.###
#.#


You could see a kobold brigand (very poisoned).

Vanquished Creatures
  A hound (D:4)
  An iguana (D:4)
  6 adders
  2 worms (D:2)
  A dart slug (D:1)
  7 orcs
  2 bats
  10 endoplasms
  4 giant cockroaches
  11 goblins
  8 hobgoblins
  3 jackals (D:1)
  4 quokkas
  8 ball pythons
  3 frilled lizards
  13 kobolds
  5 rats
89 creatures vanquished.

Notes
Turn   | Place    | Note
-------+----------+-------------------------------------------
     0 | D:1      | dolemite99 the Demonspawn Fighter began the quest for the
                  | Orb.
     0 | D:1      | Reached XP level 1. HP: 18/18 MP: 1/1
    77 | D:1      | Reached skill level 2 in Axes
   148 | D:1      | Gained mutation: You regenerate magic rapidly. [demonic
                  | ancestry]
   148 | D:1      | Reached XP level 2. HP: 24/24 MP: 2/2
   265 | D:1      | You fall into a shaft and drop 1 floor!
   401 | D:2      | Reached skill level 3 in Axes
   473 | D:2      | Gained mutation: Spells you cast may paralyse adjacent
                  | enemies. [demonic ancestry]
   473 | D:2      | Reached XP level 3. HP: 23/29 MP: 3/3
  1342 | D:1      | Reached XP level 4. HP: 35/35 MP: 4/4
  1362 | D:1      | Reached skill level 4 in Axes
  3770 | D:4      | Identified a scroll of acquirement
  3770 | D:4      | Acquired a +3 war axe of venom
  3882 | D:4      | Reached XP level 5. HP: 40/41 MP: 5/5
  3957 | D:4      | Reached skill level 5 in Axes
  4253 | D:5      | Entered Level 5 of the Dungeon
  4378 | D:4      | Asphyxiated

Illustrated notes

Levels and vault maps discovered:
D:1:      lemuel_arrival_river_ford, layout_basic, minmay_misc_feat_iff
D:2:      layout_loops_corners
D:3:      layout_basic, minmay_crystal_water
D:4:      minmay_evil_eye, layout_rooms
D:5:      layout_rooms, dk_rats_in_the_wall

Skill      XL: |  1  2  3  4  5 |
---------------+----------------+-----
Axes           | 2 3 4 5 |  5.4
Fighting       | |  3.0
Armour         | |  2.6
Shields        | |  2.6

Action                     |  1- 3 |  4- 6 || total
---------------------------+-------+-------++-------
  Melee: War axe           |   100 |   124 ||   224
  Throw: Dart              |       |    37 ||    37
    Use: Scroll            |       |     6 ||     6
         Potion            |       |     1 ||     1
 Armour: Chain mail        |    64 |    69 ||   133
  Dodge: Dodged            |    37 |    28 ||    65
  Block: Buckler           |    26 |    29 ||    55

Table legend: (Time is in decaauts)
 A = Elapsed time spent in this place.
 B = Non-inter-level travel time spent in this place.
 C = Inter-level travel time spent in this place.
 D = Time resting spent in this place.
 E = Time spent auto-exploring this place.
 F = Levels seen in this place.
 G = Mean time per level.
                   A        B        C        D        E       F      G
               +--------+--------+--------+--------+--------+-----+--------+
         Total |   4474 |   4275 |    199 |   1036 |   2420 |   5 |  894.8 |
       Dungeon |   4474 |   4275 |    199 |   1036 |   2420 |   5 |  894.8 |
               +--------+--------+--------+--------+--------+-----+--------+

Top non-repeatable levels by time:
     D:3: 1547 daAuts
     D:2: 1103 daAuts
     D:1: 919 daAuts
     D:4: 889 daAuts
     D:5: 15 daAuts
